 Dungeon Crawl Stone Soup version 0.23-a0-642-g3120c2f (console) character file.

28 Duffy the Firebug (level 3, 20/24 HPs)
             Began as a Demonspawn Fire Elementalist on Dec 30, 2018.
             Quit the game on level 2 of the Dungeon.
             The game lasted 00:01:09 (1028 turns).

Duffy the Firebug (Demonspawn Fire Elementalist)    Turns: 1028, Time: 00:01:10

Health: 20/24      AC:  9    Str:  8    XL:     3   Next: 0%
Magic:  6/6        EV: 12    Int: 17    God:
Gold:   20         SH:  0    Dex: 13    Spells: 5/6 levels left

rFire    . . .     SeeInvis .   g - +2 dagger (protect)
rCold    . . .     Gourm    .   (no shield)
rNeg     . . .     Faith    .   a - +0 robe
rPois    .         Spirit   .   (no helmet)
rElec    .         Reflect  .   (no cloak)
rCorr    .         Harm     .   (no gloves)
MR       .....                  (no boots)
Stlth    ++........             (no amulet)
HPRegen  0.08/turn              (no ring)
MPRegen  0.10/turn              (no ring)

@: protection aura
A: hooves 1, spiny 1
a: no special abilities


You were on level 2 of the Dungeon.
You were not hungry.

You visited 1 branch of the dungeon, and saw 2 of its levels.

You collected 20 gold pieces.

Inventory:

Hand Weapons
 g - a +2 dagger of protection (weapon)
Armour
 a - a +0 robe (worn)
Scrolls
 b - a scroll of remove curse {unknown}
 e - a scroll of random uselessness {unknown}
 f - a scroll of enchant weapon {unknown}
 h - 2 scrolls of immolation {unknown}
 i - a scroll of identify {unknown}
Potions
 d - a potion of flight {unknown}
Comestibles
 c - 2 rations


   Skills:
 - Level 1.7 Dodging
 - Level 1.7 Stealth
 + Level 2.4 Spellcasting
 + Level 1.8 Conjurations
 + Level 3.1 Fire Magic


You had 5 spell levels left.
You knew the following spells:

 Your Spells              Type           Power        Failure   Level  Hunger
h - Flame Tongue          Conj/Fire      ##...        7%          1    #......

Your spell library contained the following spells:

 Spells                   Type           Power        Failure   Level  Hunger
 Throw Flame              Conj/Fire      ##....       10%         2    ##.....
 Conjure Flame            Conj/Fire      ##......     21%         3    ###....
 Inner Flame              Hex/Fire       #.......     28%         3    ###....
 Sticky Flame             Conj/Fire      ##......     54%         4    #####..
 Fireball                 Conj/Fire      ##........   88%         5    ######.


Dungeon Overview and Level Annotations

Branches:
Dungeon (2/15)

Altars:


Innate Abilities, Weirdness & Mutations

You have large cloven feet.
You are partially covered in sharp spines.


Message History

Your weapon exudes an aura of protection.
You kick the giant cockroach.
You kill the giant cockroach!
The rat closely misses you.
You barely miss the rat. The rat bites you but does no damage.
You completely miss the rat. The rat bites you.
You hit the rat.
The rat is severely wounded.
The rat bites you but does no damage.
You closely miss the rat.
The rat is moderately wounded.
The rat closely misses you.
You hit the rat.
You kill the rat!
You have reached level 3!
Your experience leads to an increase in your attributes!
Increase (S)trength, (I)ntelligence, or (D)exterity?
You feel clever.
Your demonic ancestry asserts itself...
Sharp spines emerge from parts of your body.
Are you sure you want to abandon this character and quit the game? (Confirm

##......
#......#+#
#........
#......#
#......#
#.....#
#.....#
#.<@..#
#...%.#
#.....#
#.....#
#.....#
#######


There were no monsters in sight!

Vanquished Creatures
  A leopard gecko (D:1)
  3 bats (D:1)
  4 giant cockroaches
  4 goblins (D:1)
  2 hobgoblins (D:1)
  4 kobolds (D:1)
  3 frilled lizards (D:1)
  5 rats
26 creatures vanquished.

Notes
Turn   | Place    | Note
-------+----------+-------------------------------------------
     0 | D:1      | Duffy the Demonspawn Fire Elementalist began the quest for
                  | the Orb.
     0 | D:1      | Reached XP level 1. HP: 13/13 MP: 3/3
   379 | D:1      | Gained mutation: You have large cloven feet. [demonic
                  | ancestry]
   379 | D:1      | Reached XP level 2. HP: 19/19 MP: 3/5
   573 | D:1      | Reached skill level 3 in Fire Magic
  1027 | D:2      | Gained mutation: You are partially covered in sharp spines.
                  | [demonic ancestry]
  1027 | D:2      | Reached XP level 3. HP: 20/24 MP: 6/6
  1028 | D:2      | Quit the game

Vault maps used:
D:1:      mushboom_english_gardens
D:2:      nicolae_overflow_crystal_walls

Skill      XL: |  1  2 |
---------------+-------+-----
Fire Magic     | 3 |  3.1
Dodging        | |  1.7
Stealth        | |  1.7
Spellcasting   | |  2.4
Conjurations   | |  1.8

Action                   || total
-------------------------++-------
Melee: Dagger            ||    60
       Kick              ||     8
 Cast: Flame Tongue      ||    17
 Stab: Sleeping          ||     1
  Eat: Chunk             ||     1
Armor: Robe              ||    29
Dodge: Dodged            ||    57

Table legend:
 A = Non-vault XP
 B = Vault XP
 C = Vault XP percentage of total XP
 D = Non-vault monster count
 E = Vault monster count
 F = Vault count percentage of total count
                 A         B        C        D         E       F
            +---------+---------+-------+---------+---------+-------
      Total |      41 |       0 |   0.0 |      26 |       0 |   0.0
            +---------+---------+-------+---------+---------+-------
        D:1 |      38 |       0 |   0.0 |      24 |       0 |   0.0
        D:2 |       3 |       0 |   0.0 |       2 |       0 |   0.0
            +---------+---------+-------+---------+---------+-------
